 Dungeon Crawl Stone Soup version 0.30.1-11-g7821555f0a (webtiles) character file.

Game seed: 2070254946108178705

771 Okkudo the Cleaver (level 7, 0/64 HPs)
             Began as a Hill Orc Monk on Dec 7, 2023.
             Was a Believer of Beogh.
             Slain by Menkaure (19 damage)
             ... on level 5 of the Dungeon.
             The game lasted 00:18:05 (4293 turns).

Okkudo the Cleaver (Hill Orc Monk)                  Turns: 4293, Time: 00:18:05

Health: 0/64       AC: 10    Str: 16    XL:     7   Next: 83%
Magic:  7/7        EV:  8    Int: 10    God:    Beogh [**....]
Gold:   272        SH:  0    Dex: 13    Spells: 6/6 levels left

rFire   . . .        t - +0 war axe
rCold   . . .        d - orb {light}
rNeg    . . .        a - +0 chain mail
rPois   .            u - +1 hat
rElec   .            (no cloak)
rCorr   +            j - +0 pair of gloves
SInv    .            (no boots)
Will    .....        q - amulet of Dawn {Acrobat rCorr} Stlth
                     o - ring of flight
HPRegen 0.30/turn    (no ring)
MPRegen 0.10/turn

%: acrobat
@: flying, glowing
A: no striking features
a: Renounce Religion, Smiting


You were on level 5 of the Dungeon.
You worshipped Beogh.
Beogh was pleased with you.
You visited 1 branch of the dungeon, and saw 5 of its levels.

You collected 272 gold pieces.

Inventory:

Hand Weapons
 t - a +0 war axe (weapon)
 y - a +0 trident
Missiles
 w - a throwing net (quivered)
Armour
 a - a +0 chain mail (worn)
 d - an orb of light (worn)
 j - a +0 pair of gloves (worn)
 u - a +1 hat (worn)
Jewellery
 m - an amulet of magic regeneration
 o - a ring of flight (left hand)
 q - the amulet of Dawn (around neck) {Acrobat rCorr}
   (You found it on level 2 of the Dungeon)

   [amulet of the acrobat]

   It increases your evasion while moving and waiting.
   rCorr:     It protects you from acid and corrosion.
Wands
 v - a wand of roots (6)
Scrolls
 c - a scroll of summoning
 g - a scroll of brand weapon
 h - 2 scrolls of magic mapping
 k - a scroll of fog
 l - a scroll of enchant weapon
 p - a scroll of vulnerability
 r - a scroll of amnesia
 s - 4 scrolls of teleportation
Potions
 b - 2 potions of haste {unknown}
 f - a potion of flight {unknown}
 i - a potion of cancellation {unknown}
 n - 2 potions of curing
 x - 2 potions of heal wounds {unknown}
 z - 3 potions of brilliance {unknown}
 A - a potion of might {unknown}


   Skills:
 + Level 6.8 Fighting
 * Level 9.5 Axes
 - Level 3.0 Dodging


You had 6 spell levels left.
You didn't know any spells.
Your spell library contained the following spells:

 Spells                   Type           Power      Damage    Failure   Level
 Freeze                   Ice            0%         1d3       99%         1
 Blink                    Tloc           0%         N/A       100%        2
 Ensorcelled Hibernation  Hex/Ice        0%         N/A       100%        2
 Lesser Beckoning         Tloc           0%         N/A       100%        2
 Momentum Strike          Conj/Tloc      0%         3d8       100%        2
 Frozen Ramparts          Ice            0%         1d1       100%        3
 Gell's Gravitas          Tloc           0%         N/A       100%        3
 Hailstorm                Conj/Ice       0%         3d3       100%        3
 Spider Form              Tmut/Pois      0%         N/A       100%        3
 Teleport Other           Tloc           0%         N/A       100%        3
 Vhi's Electric Charge    Tloc/Air       0%         N/A       100%        3
 Anguish                  Hex/Necr       0%         N/A       100%        4
 Arcjolt                  Conj/Air       0%         1d10      100%        5
 Plasma Beam              Fire/Air       0%         2x1d11    100%        6


Dungeon Overview and Level Annotations

Branches:
Dungeon (5/15)
 Temple: D:4-7

Altars:

Shops:
D:5 [

Annotations:
D:5 2 exclusions, Grinder, Menkaure


Message History

Menkaure shouts!
Blork the orc shouts!
You bow before the missionary of Beogh.
Beogh welcomes you!
You can now smite your foes.
With a roar of approval, the orcs welcome you as one of their own, and spare your life.
An ufetubus comes into view.
A hound comes into view.
The jelly hits you but does no damage.
The ufetubus moves out of view.
The hound bites Blork the orc.
Blork the orc points at the hound and mumbles some strange words.
The puff of frost hits the hound.
The jelly closely misses you.
Blork the orc closely misses the hound.
The jelly jiggles.
The hound bites the orc priest.
Something barely misses the orc priest.
The orc priest calls down the wrath of Beogh upon something.
The jelly attacks as you move away! The jelly hits you but does no damage.
The jelly attacks as you move away! The jelly completely misses you.
You hit the jelly.
Your hands burn!
The jelly is lightly wounded.
The jelly hits you but does no damage.
You slash the jelly!
Your hands burn!
The jelly is severely wounded.
The jelly closely misses you.
You slash the jelly!
You kill the jelly!
Beogh accepts your kill.
Menkaure calls on the powers of darkness!
Your body is wracked with pain!
Menkaure completely misses you.
You slash Menkaure!
Menkaure is moderately damaged.
Menkaure hits you.
You hit Menkaure.
Menkaure is moderately damaged.
Menkaure hits you!
* * * LOW HITPOINT WARNING * * *
You hit Menkaure but do no damage.
Menkaure is moderately damaged.
Menkaure hits you!!
You die...

## ##.### #............#
.######....## #............#
....##......## #.............
###..........# #.............
# ###........## #............#
# #..........## ##..........##
# #......###..## #...........#
#......#≈#...####..........##
#......###.#.@............####
#..........###M.######........
##........####.## ######...
#.......## #..### ####
##.....## ##....### ##..###
#.......# #### #..o...∩..#
#..........# #..o........#


You could see Menkaure.

Vanquished Creatures
  Prince Ribbit (D:5)
  3 scorpions
  A jelly (D:5)
  A hound (D:5)
  Ijyb (D:5)
  3 iguanas (D:5)
  8 gnolls
  4 adders
  2 white imps (D:5)
  A dart slug (D:1)
  10 orcs
  6 endoplasms
  3 giant cockroaches
  8 goblins
  11 hobgoblins
  6 jackals (D:1)
  5 kobolds
  11 quokkas
  9 ball pythons
  4 bats
  6 rats
104 creatures vanquished.

Vanquished Creatures (others)
  A hound (D:5)
  An ufetubus (D:5)
2 creatures vanquished.

Grand Total: 106 creatures vanquished

Notes
Turn   | Place    | Note
-------+----------+-------------------------------------------
     0 | D:1      | Okkudo the Hill Orc Monk began the quest for the Orb.
     0 | D:1      | Reached XP level 1. HP: 19/19 MP: 1/1
    87 | D:1      | Reached XP level 2. HP: 14/27 MP: 2/2
   451 | D:1      | Reached XP level 3. HP: 33/33 MP: 3/3
  1196 | D:2      | Identified the amulet of Dawn {Acrobat rCorr}
  1209 | D:2      | Reached XP level 4. HP: 41/41 MP: 4/4
  1329 | D:2      | Reached skill level 5 in Axes
  1559 | D:3      | Found a faded altar of an unknown god.
  1631 | D:4      | Noticed a scorpion
  1685 | D:5      | Entered Level 5 of the Dungeon
  1912 | D:5      | Noticed a scorpion
  1923 | D:5      | Killed a scorpion
  1924 | D:5      | Reached skill level 5 in Fighting
  1924 | D:5      | Reached skill level 6 in Axes
  1924 | D:5      | Reached XP level 5. HP: 37/48 MP: 5/5
  2063 | D:5      | Reached XP level 6. HP: 27/56 MP: 6/6
  2065 | D:5      | Reached skill level 7 in Axes
  2283 | D:5      | Noticed Ijyb
  2296 | D:5      | Killed Ijyb
  2383 | D:5      | Noticed Grinder
  2397 | D:5      | Paralysed by Grinder for 3 turns
  2781 | D:3      | Identified the +1 ring mail of the Solstice {rC+ Stlth+}
  3249 | D:3      | Reached skill level 8 in Axes
  3579 | D:4      | Reached XP level 7. HP: 63/63 MP: 7/7
  3581 | D:4      | You are sucked into a shaft and drop 1 floor!
  4175 | D:5      | Noticed Prince Ribbit
  4185 | D:5      | Killed Prince Ribbit
  4186 | D:5      | Reached skill level 9 in Axes
  4272 | D:5      | Found Piqiar's Armour Shop.
  4275 | D:5      | Noticed Menkaure
  4275 | D:5      | Noticed Blork the orc
  4276 | D:5      | Became a worshipper of Beogh the Brigand
  4276 | D:5      | Reached * piety under Beogh
  4276 | D:5      | Reached ** piety under Beogh
  4293 | D:5      | Slain by Menkaure

Illustrated notes

Levels and vault maps discovered:
D:1:      co_arrival_square_in_a_square_in_a_square, layout_loops_ring
D:2:      layout_loops_ring
D:3:      layout_basic, dreamdust_ecumenical_altar_grove
D:4:      layout_rooms
D:5:      layout_cave_pods, serial_shops, shop, feat_on_display, uniq_menkaure,
          uniq_grinder, uniq_prince_ribbit1, uniq_ijyb, uniq_blork_the_orc

Skill      XL: |  1  2  3  4  5  6  7 |
---------------+----------------------+-----
Fighting       | 4 5 6 |  6.8
Dodging        | 3 |  3.0
Axes           | 6 8 9 |  9.5

Action                     |  1- 3 |  4- 6 |  7- 9 || total
---------------------------+-------+-------+-------++-------
  Melee: Hand axe          |   116 |    46 |       ||   162
         War axe           |       |   114 |    53 ||   167
  Throw: Throwing net      |       |     1 |     1 ||     2
 Invoke: Convert to Beogh  |       |       |     1 ||     1
    Use: Potion            |       |     3 |       ||     3
         Scroll            |       |       |     8 ||     8
 Armour: Robe              |     7 |       |       ||     7
         Ring mail         |    18 |    53 |       ||    71
         Chain mail        |       |    41 |    17 ||    58
  Dodge: Dodged            |    73 |   227 |    31 ||   331
